 Dungeon Crawl Stone Soup version 0.19.1 (webtiles) character file.

91 RaHiT the Covered (level 4, -3/33 HPs)
             Began as a Mummy Artificer on Nov 27, 2016.
             Slain by a worm (10 damage)
             ... on level 2 of the Dungeon.
             The game lasted 00:07:37 (2597 turns).

RaHiT the Covered (Mummy Artificer)                 Turns: 2597, Time: 00:07:38

Health: -3/33      AC:  6    Str: 16    XL:     4   Next: 33%
Magic:  5/5        EV: 11    Int: 10    God:
Gold:   34         SH:  0    Dex: 12    Spells: 0 memorised, 3 levels left

rFire  x . .     SeeInvis .     f - +0 mace
rCold  + . .     Gourm    .     q - +0 ring mail
rNeg   + + +     Faith    .     (no shield)
rPois  ∞         Spirit   .     (no helmet)
rElec  .         Reflect  .     (no cloak)
rCorr  +         Harm     .     k - +0 pair of gloves
MR     .....                    (no boots)
Stlth  +.........               (no amulet)
                                (no ring)
                                i - ring of resist corrosion

@: no status effects
A: no food or potions, fire vulnerability, cold resistance 1, negative energy
resistance 3, torment resistance, unbreathing
a: no special abilities


You were on level 2 of the Dungeon.
You were not hungry.

You visited 1 branch of the dungeon, and saw 3 of its levels.

You collected 34 gold pieces.

Inventory:

Hand Weapons
 a - a +0 short sword
 f - a +0 mace (weapon)
 h - a +1 hunting sling of freezing
Missiles
 j - 122 stones (quivered)
 p - a throwing net
Armour
 k - a +0 pair of gloves (worn)
 q - a +0 ring mail (worn)
Jewellery
 i - a ring of resist corrosion (left hand)
Wands
 c - a wand of flame (15/48)
 d - a wand of enslavement (15/24)
 e - a wand of random effects (15/48)
Scrolls
 g - 2 scrolls of remove curse {unknown}
 l - a scroll of recharging {unknown}
 m - a scroll of identify {unknown}
 n - a scroll of immolation {unknown}
 o - a scroll of magic mapping {unknown}


   Skills:
 - Level 2.0 Fighting
 - Level 0.7 Short Blades
 - Level 0.5 Maces & Flails
 * Level 2.7 Armour
 - Level 1.5 Dodging
 - Level 0.7 Stealth
 - Level 2.4 Evocations


You had 3 spell levels left.
You didn't know any spells.

Dungeon Overview and Level Annotations

Branches:
Dungeon (3/15)

Altars:
Ashenzari
Cheibriados


Innate Abilities, Weirdness & Mutations

You do not eat or drink.
Your flesh is vulnerable to fire.
You are immune to poison.
Your flesh is cold resistant. (rC+)
You are immune to negative energy. (rN+++)
You are immune to unholy pain and torment.
You can survive without breathing.


Message History

You hit the worm.
The worm is lightly wounded.
The worm bites you!
You barely miss the worm.
The worm is lightly wounded.
The worm closely misses you.
You hit the worm but do no damage. The worm bites you.
Your ring mail prevents you from hitting the worm.
You barely miss the worm. The worm bites you.
You hit the worm.
The worm is moderately wounded.
The worm barely misses you.
You sock the worm!
The worm is severely wounded.
The worm bites you!
* * * LOW HITPOINT WARNING * * *
You hit the worm.
The worm is almost dead.
The worm bites you!
You die...

.#.#...##....## #....>..#########
.#.#.........####.......#........
...........#.#..........#........
#.##÷#####.#.†.....##...#........
.....# #.#.#.....######........
..#### ###.#.#.....# #........
.....# #...#.#.....# #....%...
.....# #.#####..w..# #........
.....###.# ###@### #...)....
.....+...# #<# #....##..
.#...#...# #.########........
.#...#.#.# #..............#..
.#...'.#.# ##########...#.##.
.#...###.## #....#.....#.##.
..........# ###.#....#.......
###.......# #####...#..###...###.
.P#.......###.......#....'...###.


You could see a worm.

Vanquished Creatures
  3 adders (D:2)
  An ooze (D:2)
  3 dart slugs (D:1)
  3 leopard geckos (D:2)
  A ball python (D:1)
  10 bats
  2 giant cockroaches
  4 goblins
  3 hobgoblins
  2 jackals (D:1)
  11 frilled lizards
  5 kobolds
  5 rats
53 creatures vanquished.

Notes
Turn   | Place    | Note
-------+----------+-------------------------------------------
     0 | D:1      | RaHiT the Mummy Artificer began the quest for the Orb.
     0 | D:1      | Reached XP level 1. HP: 15/15 MP: 2/2
   252 | D:1      | Reached XP level 2. HP: 19/22 MP: 3/3
   673 | D:1      | Reached skill level 1 in Armour
  1173 | D:1      | Reached XP level 3. HP: 18/27 MP: 4/4
  1779 | D:2      | Found a snail-covered altar of Cheibriados.
  1780 | D:2      | Found a shattered altar of Ashenzari.
  2108 | D:2      | Reached XP level 4. HP: 33/33 MP: 5/5
  2597 | D:2      | Slain by a worm

Skill      XL: |  1  2  3 |
---------------+----------+-----
Fighting       | 2 |  2.0
Armour         | 1 2 |  2.7
Short Blades   | |  0.7
Maces & Flails | |  0.5
Dodging        | |  1.5
Stealth        | |  0.7
Evocations     | |  2.4

Action                   |  1- 3 |  4- 6 || total
-------------------------+-------+-------++-------
Melee: Mace              |   149 |    38 ||   187
Throw: Stone             |    13 |    11 ||    24
 Stab: Sleeping          |     1 |       ||     1
Armor: Leather armour    |    74 |     6 ||    80
Dodge: Dodged            |   124 |    32 ||   156
